 Dungeon Crawl Stone Soup version 0.30.1-9-gdf580d7c3d (webtiles) character file.

Game seed: 6365737860293050535

156 monsoonserge the Shooter (level 5, -4/26 HPs)
             Began as a Spriggan Hunter on Oct 15, 2023.
             Killed from afar by Ijyb (8 damage)
             ... with a puff of flame
             ... on level 3 of the Dungeon.
             The game lasted 00:04:33 (1885 turns).

monsoonserge the Shooter (Spriggan Hunter)          Turns: 1885, Time: 00:04:33

Health: -4/26      AC:  2    Str:  7    XL:     5   Next: 15%
Magic:  6/6        EV: 18    Int: 10    God:
Gold:   133        SH:  0    Dex: 21    Spells: 4/4 levels left

rFire   . . .        a - +0 shortbow
rCold   . . .        (shield currently unavailable)
rNeg    . . .        c - +0 robe
rPois   .            (helmet restricted)
rElec   .            (no cloak)
rCorr   .            (gloves unavailable)
SInv    +            (boots unavailable)
Will    .....        (no amulet)
Stlth   ++           (no ring)
HPRegen 0.24/turn    (no ring)
MPRegen 0.10/turn

%: no passive effects
@: very quick
A: very small, no large weapons, unfitting armour, see invisible, speed 3
a: no special abilities


You were on level 3 of the Dungeon.
You visited 1 branch of the dungeon, and saw 3 of its levels.

You collected 133 gold pieces.

Inventory:

Hand Weapons
 a - a +0 shortbow (weapon)
Armour
 c - a +0 robe (worn)
 j - a +0 buckler
Scrolls
 b - a scroll of immolation
 d - 2 scrolls of teleportation {unknown}
 e - 3 scrolls of identify {unknown}
 f - 2 scrolls of amnesia {unknown}
 h - 2 scrolls of noise {unknown}
 i - a scroll of torment {unknown}
 m - 2 scrolls of silence {unknown}
 n - a scroll of fear {unknown}
 q - a scroll of enchant armour {unknown}
Potions
 g - 2 potions of curing {unknown}
 k - 3 potions of flight {unknown}
 l - 2 potions of magic {unknown}
 o - a potion of heal wounds {unknown}
 p - a potion of brilliance {unknown}


   Skills:
 + Level 2.2 Fighting
 + Level 6.1 Ranged Weapons
 + Level 2.9 Dodging
 + Level 1.8 Stealth


You had 4 spell levels left.
You didn't know any spells.
Your spell library contained the following spells:

 Spells                   Type           Power      Damage    Failure   Level
 Apportation              Tloc           0%         N/A       36%         1
 Necrotise                Necr           0%         1d4       36%         1
 Summon Small Mammal      Summ           0%         N/A       36%         1
 Ozocubu's Armour         Ice            0%         N/A       75%         3
 Ozocubu's Refrigeration  Ice            0%         4d7       100%        7


Dungeon Overview and Level Annotations

Branches:
Dungeon (3/15)

Altars:
Ashenzari
Hepliaklqana

Shops:
D:3 *

Annotations:
D:3 Ijyb


Innate Abilities, Weirdness & Mutations

You are very small and have problems with some larger weapons.
You are too small for most types of armour.
You have supernaturally acute eyesight. (SInv)
You cover ground extremely quickly. (Speed+++)


Message History

A bat comes into view.
You shoot an arrow. The arrow closely misses the bat.
You shoot an arrow. The arrow barely misses the bat.
The bat hits you but does no damage. The bat hits you.
You shoot an arrow. The arrow hits the bat!
You kill the bat!
No target in view!
A ball python comes into view.
You shoot an arrow. The ball python hisses angrily.
The arrow hits the ball python.
The ball python is heavily wounded.
You shoot an arrow. The arrow hits the ball python!
You kill the ball python!
No target in view!
You open the door.
Found a hazy altar of Hepliaklqana.
No target in view!
Found 10 gold pieces.
You now have 133 gold pieces (gained 10).
Ijyb the Twisted Goblin comes into view.
She is wielding a +0 club and carrying a wand of flame (18).
You shoot an arrow. The arrow closely misses Ijyb.
You shoot an arrow. The arrow hits Ijyb.
Ijyb is lightly wounded.
Ijyb zaps a wand.
The puff of flame misses you.
You shoot an arrow. The arrow barely misses Ijyb.
Ijyb zaps a wand.
The puff of flame misses you.
You shoot an arrow. The arrow hits Ijyb!
Ijyb is heavily wounded.
You shoot an arrow. The arrow hits Ijyb but does no damage.
Ijyb is heavily wounded.
Ijyb zaps a wand.
The puff of flame hits you!
Ijyb zaps a wand.
The puff of flame hits you!
You are too injured to fight recklessly!
Ijyb zaps a wand.
The puff of flame hits you!
* * * LOW HITPOINT WARNING * * *
You shoot an arrow.
The arrow hits the plant but does no damage.
You open the door.
Ijyb zaps a wand.
The puff of flame hits you!
You die...

#. #.######
####......#####
#..#...#P.....#
#..#...§P#.#..# #####
###..##.#..§.P#P##......
........§.....P.@'......
#.##.#...§§_PP..##......
#†##.#P..P§..#.## .....
.........§P..g..# ####
.......P.......##
..##.#......#.PP#
#.##.###.....#### .....#
##...###### ######
#........#


You could see Ijyb.

Vanquished Creatures
  Jessica (D:3)
  Robin (D:2)
  4 adders
  A worm (D:2)
  A dart slug (D:3)
  2 orcs (D:3)
  2 endoplasms
  2 giant cockroaches
  15 goblins
  14 hobgoblins
  3 jackals (D:1)
  8 ball pythons
  7 bats
  A frilled lizard (D:1)
  4 kobolds (D:1)
  5 rats
71 creatures vanquished.

Notes
Turn   | Place    | Note
-------+----------+-------------------------------------------
     0 | D:1      | monsoonserge the Spriggan Hunter began the quest for the
                  | Orb.
     0 | D:1      | Reached XP level 1. HP: 10/10 MP: 2/2
   105 | D:1      | Reached XP level 2. HP: 14/14 MP: 3/3
   365 | D:1      | Reached XP level 3. HP: 18/18 MP: 4/4
   660 | D:2      | Reached skill level 5 in Ranged Weapons
   721 | D:2      | Noticed Robin
   786 | D:2      | Killed Robin
   829 | D:2      | Reached XP level 4. HP: 23/23 MP: 5/5
  1680 | D:3      | Noticed Jessica
  1683 | D:3      | Killed Jessica
  1744 | D:3      | Reached XP level 5. HP: 23/26 MP: 6/6
  1758 | D:3      | Reached skill level 6 in Ranged Weapons
  1773 | D:3      | Found a broken altar of Ashenzari.
  1783 | D:3      | Found Olusutix's General Store.
  1844 | D:3      | Found a hazy altar of Hepliaklqana.
  1862 | D:3      | Noticed Ijyb
  1885 | D:3      | Killed from afar by Ijyb

Illustrated notes

Levels and vault maps discovered:
D:1:      dpeg_arrival_shelter, layout_rooms, minivault_19, minmay_pentomino_u4
D:2:      layout_basic, minmay_small_reverse_x, uniq_robin
D:3:      cheibrodos_old_hovel, layout_basic, ashenzari_altar_1,
          nicolae_hepliaklqana_hazy_memory, serial_shops,
          nicolae_shop_pleasant_corner_grove, kennysheep_generic_room_5,
          uniq_grinder, uniq_sigmund, uniq_ijyb, uniq_jessica,
          uniq_crazy_yiuf_cottage

Skill      XL: |  1  2  3  4  5 |
---------------+----------------+-----
Ranged Weapons | 5 6 |  6.1
Fighting       | 2 |  2.2
Dodging        | |  2.9
Stealth        | |  1.8

Action                     |  1- 3 |  4- 6 || total
---------------------------+-------+-------++-------
   Fire: Shortbow          |   101 |    80 ||   181
 Armour: Robe              |     2 |     1 ||     3
  Dodge: Dodged            |    32 |    10 ||    42
